 Dungeon Crawl Stone Soup version 0.19-a0-1021-g80cc50c (webtiles) character file.

586 Deeps the Cleaver (level 7, -5/59 HPs)
             Began as a Minotaur Fighter on July 28, 2016.
             Slain by cybersaint2k's ghost (8 damage)
             ... on level 5 of the Dungeon.
             The game lasted 00:08:36 (3104 turns).

Deeps the Cleaver (Minotaur Fighter)                Turns: 3104, Time: 00:08:36

Health: -5/59      AC:  8    Str: 25    XL:     7   Next: 15%
Magic:  6/6        EV:  5    Int:  5    God:
Gold:   220        SH: 10    Dex: 11    Spells: 0 memorised, 6 levels left

rFire  . . .     SeeInvis .     a - +0 war axe
rCold  . . .     Gourm    .     b - +0 scale mail
rNeg   . . .     Faith    .     c - +0 shield
rPois  .         Spirit   .     (helmet restricted)
rElec  .         Dismiss  .     (no cloak)
rCorr  .         Reflect  .     (no gloves)
SustAt .         Harm     .     e - +0 pair of boots
MR     +....                    (no amulet)
Stlth  ..........               A - +3 ring of evasion
                                m - ring of protection from magic

@: somewhat resistant to hostile enchantments, extremely unstealthy
A: retaliatory headbutt, hooves 1, horns 2, thin skeletal structure 1, strong 1
a: no special abilities


You were on level 5 of the Dungeon.
You were not hungry.

You visited 1 branch of the dungeon, and saw 5 of its levels.

You collected 220 gold pieces.

Inventory:

Hand Weapons
 a - a +0 war axe (weapon)
 y - a cursed -3 hand axe
Armour
 b - a +0 scale mail (worn)
 c - a +0 shield (worn)
 e - a +0 pair of boots (worn)
Jewellery
 m - a ring of protection from magic (left hand)
 t - an uncursed ring of sustain attributes
 A - a +3 ring of evasion (right hand)
Wands
 q - a wand of random effects (23/48)
 z - a wand of paralysis (14/24)
Scrolls
 g - 4 scrolls of remove curse
 i - a scroll of enchant armour {unknown}
 k - 4 scrolls of fog
 l - a scroll of noise {unknown}
 n - 2 scrolls of recharging {unknown}
 r - a scroll of blinking {unknown}
 u - a scroll of enchant weapon {unknown}
 w - 2 scrolls of teleportation {unknown}
 C - a scroll of identify {unknown}
Potions
 d - 3 potions of might
 h - a potion of lignification
 j - 2 potions of degeneration {unknown}
 o - a potion of flight
 s - a potion of cancellation {unknown}
 x - a potion of agility {unknown}
 B - a potion of invisibility {unknown}
Books
 E - a book of the Tempests

   Spells                             Type                      Level
   a - Static Discharge               Conjuration/Air              3
   b - Lightning Bolt                 Conjuration/Air              5
   c - Fireball                       Conjuration/Fire             5
   d - Tornado                        Air                          9
   e - Shatter                        Earth                        9
Comestibles
 f - a bread ration
 p - 3 meat rations
 v - 2 beef jerkies
 D - a slice of pizza


   Skills:
 - Level 4.0 Fighting
 + Level 9.1 Axes
 - Level 3.9 Armour
 - Level 3.9 Shields


You had 6 spell levels left.
You didn't know any spells.

Dungeon Overview and Level Annotations

Branches:
Dungeon (5/15)
 Temple: D:4-7

Altars:
Dithmenos
Gozag
Hepliaklqana
Sif Muna
Xom

Shops:
D:5 :

Annotations:
D:5 cybersaint2k's ghost, novice FoMo


Innate Abilities, Weirdness & Mutations

You reflexively headbutt those who attack you in melee.
You have a pair of horns on your head.
You have large cloven feet.
You have a somewhat thin skeletal structure. (Dex +2, Stealth)
Your muscles are strong. (Str +2)


Message History

Your shield and scale mail prevent you from hitting the phantom.
The phantom is severely damaged.
You barely miss cybersaint2k's ghost. You block the phantom's attack.
Cybersaint2k's ghost hits you.
You hit the phantom but do no damage. You headbutt the phantom!
The phantom is almost destroyed.
You miss cybersaint2k's ghost. You block the phantom's attack.
Cybersaint2k's ghost hits you.
* * * LOW HITPOINT WARNING * * *
You block the phantom's attack.
You barely miss the phantom. You headbutt the phantom!
You destroy the phantom!
Your Axes skill increases to level 9!
You have reached level 7!
You hit cybersaint2k's ghost.
Cybersaint2k's ghost shouts, "I have seen your future, and it is all used up."
Cybersaint2k's ghost hits you!
* * * LOW HITPOINT WARNING * * *
Cybersaint2k's ghost hits you!
You die...

.........#.###
.......#.#..#
########..#.#
#.........#.#
#...........###
###.............#
#.........##....#
#...W...........#
#...@......#....#
#..........#....#
#..........#....#
#.....)....###.##
#..........# #..#
#..........###..##
#..........##....#
########....#)...#
####....#...>####


You could see cybersaint2k's ghost.

Vanquished Creatures
  An ogre (D:5)
  A phantom (D:5)
  Blork the orc (D:4)
  A crimson imp (D:5)
  Crazy Yiuf (D:4)
  Jessica (D:3)
  3 worker ants
  A worker ant zombie (D:5)
  5 gnolls
  6 adders
  2 oozes
  3 worms (D:2)
  2 dart slugs (D:4)
  2 giant geckos (D:3)
  3 orcs
  4 bats
  3 giant cockroaches
  3 goblins
  9 hobgoblins
  8 jackals (D:3)
  3 kobolds
  3 quokkas
  2 giant newts
  11 rats
79 creatures vanquished.

Notes
Turn   | Place    | Note
-------+----------+-------------------------------------------
     0 | D:1      | Deeps the Minotaur Fighter began the quest for the Orb.
     0 | D:1      | Reached XP level 1. HP: 19/19 MP: 0/0
   704 | D:1      | Reached XP level 2. HP: 27/27 MP: 1/1
   833 | D:2      | Reached skill level 3 in Axes
  1080 | D:2      | Reached XP level 3. HP: 33/33 MP: 2/2
  1399 | D:2      | Found a shadowy altar of Dithmenos.
  1453 | D:3      | Reached skill level 4 in Axes
  1620 | D:3      | Gained mutation: You have a somewhat thin skeletal structure. (Dex +2, Stealth) [potion of mutation]
  1620 | D:3      | Gained mutation: Your muscles are strong. (Str +2) [potion of mutation]
  1620 | D:3      | Gained mutation: You have large cloven feet. [potion of mutation]
  1626 | D:3      | Reached XP level 4. HP: 38/40 MP: 3/3
  1675 | D:3      | Found a hazy altar of Hepliaklqana.
  1799 | D:3      | Noticed Jessica
  1805 | D:3      | Killed Jessica
  1805 | D:3      | Reached skill level 5 in Axes
  2035 | D:3      | Reached XP level 5. HP: 44/46 MP: 4/4
  2102 | D:3      | Reached skill level 6 in Axes
  2205 | D:4      | Found an opulent altar of Gozag.
  2215 | D:4      | Found a deep blue altar of Sif Muna.
  2216 | D:4      | Found a shimmering altar of Xom.
  2261 | D:4      | Noticed Blork the orc
  2268 | D:4      | Killed Blork the orc
  2268 | D:4      | Reached skill level 7 in Axes
  2274 | D:4      | Reached XP level 6. HP: 40/52 MP: 5/5
  2277 | D:4      | Found a shimmering altar of Xom.
  2497 | D:4      | Found a runed door.
  2706 | D:4      | Noticed Crazy Yiuf
  2711 | D:4      | Killed Crazy Yiuf
  2753 | D:5      | Entered Level 5 of the Dungeon
  2759 | D:5      | Reached skill level 8 in Axes
  2794 | D:5      | Found Gyliojutz's Book Emporium.
  2811 | D:5      | Noticed cybersaint2k's ghost (novice FoMo)
  3103 | D:5      | Reached skill level 9 in Axes
  3103 | D:5      | Reached XP level 7. HP: 13/59 MP: 6/6
  3104 | D:5      | Slain by cybersaint2k's ghost

Vault maps used:
D:1:      minmay_arrival_widening_spiral_wide
D:2:      grunt_dithmenos_smoke, first_bread, minmay_tree_intersection
D:3:      lemuel_coloured_pillars_altar, uniq_jessica
D:4:      grunt_temple_overflow_open, xom_teletrap_fun, uniq_blork_the_orc,
          uniq_crazy_yiuf_cottage
D:5:      nicolae_tso_besieged_by_evil, serial_shops, shop

Skill      XL: |  1  2  3  4  5  6 |
---------------+-------------------+-----
Fighting       | 4 |  4.0
Axes           | 3 4 5 7 9 |  9.1
Armour         | |  3.9
Shields        | |  3.9

Action                   |  1- 3 |  4- 6 |  7- 9 || total
-------------------------+-------+-------+-------++-------
Melee: War axe           |   103 |   134 |       ||   237
       Headbutt          |    10 |    26 |       ||    36
       Kick              |       |     3 |       ||     3
  Use: Potion            |     3 |       |       ||     3
       Scroll            |     2 |       |       ||     2
  Eat: Chunk             |     2 |     1 |       ||     3
       Bread ration      |       |     1 |       ||     1
Armor: Scale mail        |    42 |    41 |       ||    83
Dodge: Dodged            |    43 |    45 |       ||    88
Block: Shield            |    47 |    69 |       ||   116
